[Event "1st Chessable Sunway Formentera 2022"]
[Site "Formentera Punta Prima"]
[Date "2022.05.03"]
[Round "5"]
[White "Tsatsalashvili, Keti"]
[Black "Chiku-Ratte, Olivier-Kenta"]
[Result "1-0"]
[ECO "E90"]
[WhiteElo "2331"]
[BlackElo "2358"]
[Annotator "TA"]
[PlyCount "77"]
[EventDate "2022.05.05"]
[EventType "swiss"]
[EventCountry "ESP"]
[SourceTitle "playchess.com"]
[Source "ChessBase"]
[SourceQuality "1"]
[TimeControl "40/5400+30:1800+30"]

1. d4 Nf6 2. Nf3 g6 3. c4 Bg7 4. Nc3 d6 5. e4 O-O 6. h3 e5 7. d5 Nh5 8. Nh2 Na6 9. g3 {[%emt 0:03:54] E90: King's Indian: Classical: Early deviations and 6 h3.} Nc5 10. b4 Na6 11. a3 {[%emt 0:00:50] White has an edge.} f5 {[%emt 0:03:25] [#]} 12. exf5 $146 ({Predecessor:} 12. Be2 Nf6 13. h4 c6 14. h5 cxd5 15. cxd5 Bd7 16. hxg6 hxg6 17. Bg5 Rc8 18. Rc1 {½-½ (44) Vilela de Acuna,J (2415)-Bass,L (2495) Alcobendas 1994}) 12... e4 $1 (12... Bxf5 13. Be3 $14) 13. Qb3 (13. Qc2 $1 $11) 13... Qf6 $1 $36 {[%emt 0:09:11][%mdl 2048] White is under strong pressure.} (13... Bxf5 14. Be3 Nf6 15. Rc1 $14) (13... Rxf5 14. Ra2 $16) (13... gxf5 14. Rg1 $11) 14. Bd2 (14. Bb2 $17 {is a better defense.} e3 15. O-O-O (15. Ng4 $2 exf2+ 16. Nxf2 Nxg3 $19) 15... exf2 16. Ne4 Qxb2+ 17. Qxb2 Bxb2+ 18. Kxb2) 14... e3 $19 (14... gxf5 15. O-O-O $15) (14... Bxf5 15. Rc1 Bxh3 16. Be3 $17) (14... Qxf5 15. Be3 $14) 15. fxe3 Nxg3 16. Rg1 Nxf1 (16... Nxf5 17. O-O-O $17) 17. Nxf1 {[%emt 0:07:11] [#]} Qh4+ (17... Qxf5 $2 18. O-O-O) 18. Ng3 Be5 (18... gxf5 19. O-O-O $16) (18... Qxh3 19. e4 $11) 19. O-O-O Bxg3 {[%emt 0:03:37] This bishop pair is nice.} 20. fxg6 hxg6 ({Black should play} 20... h5 $19 {Threatens to win with ...Bf2.} 21. Ne2 Bf2) 21. Ne2 $17 Be5 22. Rxg6+ Kh7 $2 (22... Kf7 $11 23. Qd3 Qxh3) 23. Rdg1 $16 {[%emt 0:03:26][%cal Oe3e4] And now e4! would win. Black is now going downhill.} Bd7 (23... Bxh3 24. e4 Rf1+ 25. Rxf1 Bxf1 26. Rh6+ Qxh6 27. Bxh6 Kxh6 28. Qe3+ Kh7 29. Ng3 Bxg3 30. Qxg3 Bxc4 31. e5 $18) (23... Bf5 $16 24. R6g5 Kh8) 24. e4 $1 $18 Rg8 (24... Qxh3 $2 {leads to mate.} 25. Qxh3+ Bxh3 26. Rh6#) 25. Rh6+ Qxh6 26. Bxh6 {[%emt 0:00:22] Really sharp!} Rxg1+ (26... Kxh6 $142 27. Qe3+ Kh7) 27. Nxg1 Kxh6 {[%emt 0:00:03] [#]} 28. Qe3+ $1 Kh7 29. Nf3 Bg7 30. Ng5+ ({Resist} 30. e5 $6 Bf5 31. Ng5+ Kg6 $18) 30... Kg6 (30... Kh8 $2 31. Qf3 $18) 31. h4 {[%emt 0:01:25][%mdl 1024] aiming for Qf2. White has strong compensation.} Rf8 (31... b6 32. Qg3 Be5) 32. Qg1 {[%emt 0:00:52] Ne6+ would kill now.} ({Not} 32. Ne6 Bxe6 33. Qg1+ Bg4 34. Qxg4+ Kh7 $16) 32... Bh6 33. Kc2 {[%emt 0:00:36] Hoping for Ne6+.} Kh5 34. Ne6 Rf3 (34... Ba4+ {was necessary.} 35. Kb1 Rf7) 35. b5 {[%emt 0:00:57] Black must now prevent Qd1. White is clearly winning.} Nc5 36. Qd1 Bxe6 37. dxe6 Nxe6 38. Qxf3+ Kxh4 39. Qf6+ {[%emt 0:00:07] Weighted Error Value: White=0.20 (precise) /Black=0.49} 1-0

[Event "1st Chessable Sunway Formentera 2022"]
[Site "Formentera Punta Prima"]
[Date "2022.05.03"]
[Round "5"]
[White "Chkhaidze, Nikoloz"]
[Black "Buivys, Martynas"]
[Result "1-0"]
[ECO "D38"]
[WhiteElo "2301"]
[BlackElo "1806"]
[Annotator "TA"]
[PlyCount "69"]
[EventDate "2022.05.05"]
[EventType "swiss"]
[EventCountry "ESP"]
[SourceTitle "playchess.com"]
[Source "ChessBase"]
[SourceQuality "1"]
[TimeControl "40/5400+30:1800+30"]

1. d4 d5 2. c4 e6 3. Nf3 Nf6 4. Nc3 Bb4 5. cxd5 exd5 6. Bg5 h6 7. Bh4 O-O {[%emt 0:01:01] 7...Bf5 is the recent fashion. D38: Queen's Gambit Declined: Ragozin Defence (4 Nf3 Bb4).} 8. e3 Bf5 9. Be2 Nbd7 {[%emt 0:03:58] The position is equal.} 10. Qb3 Bxc3+ 11. bxc3 c5 12. O-O c4 13. Qxb7 Qb6 14. Qxb6 axb6 15. Nd2 Ra3 {[%emt 0:14:23][%mdl 1024] Black has compensation.} 16. Nb1 {[%emt 0:01:44] [#]} Ra5 $146 ({Predecessor:} 16... Bxb1 17. Rfxb1 g5 18. Bg3 Ne4 19. Bf3 Nxc3 20. Bd6 Nxb1 21. Rxb1 Ra5 22. Bb4 Rfa8 23. Bxa5 Rxa5 {0-1 (57) Keymer,V (2408)-Donchenko,A (2580) Caleta 2018}) 17. f3 Rfa8 18. a3 g5 19. Bg3 Bxb1 20. Rfxb1 Rxa3 21. Rxa3 Rxa3 22. Be1 Ra2 23. Kf1 Kf8 24. e4 Ke7 25. e5 ({Not} 25. exd5 Nxd5 26. h3 N7f6 $17) 25... Ne8 26. f4 $1 gxf4 ({Better is} 26... Nc7) 27. Bh4+ $1 $16 f6 (27... Kf8 $16 {was called for.}) 28. Bg4 Ra6 $2 {[%emt 0:01:46] [#]} (28... Ra3 {keeps fighting.} 29. Re1 Kd8 30. exf6 Ndxf6) 29. Re1 $1 $18 {[%emt 0:00:58] Threatens to win with exf6+.} Nb8 $2 (29... Kd8 30. exf6 Ndxf6) 30. exf6+ Kf8 31. Bh5 Nd6 32. Re5 {[%emt 0:00:27] Strongly threatening Re7.} Nc6 (32... Ra7 $142 33. Re6 Nf7) 33. Re6 Ra1+ 34. Be1 f3 35. gxf3 {[%emt 0:00:23] Weighted Error Value: White=0.20 (precise) /Black=0.50} (35. Rxd6 $142 fxg2+ 36. Kxg2 b5 37. Rxc6 Ra2+ {[#]} 38. Bd2 $1 Ra8 39. Bxh6+ Kg8 40. Bg6) 1-0

[Event "1st Chessable Sunway Formentera 2022"]
[Site "Formentera Punta Prima"]
[Date "2022.05.03"]
[Round "5"]
[White "Dukic, Zachary"]
[Black "Yankelevich, Lev"]
[Result "1/2-1/2"]
[ECO "C45"]
[WhiteElo "2243"]
[BlackElo "2473"]
[Annotator "TA"]
[PlyCount "68"]
[EventDate "2022.05.05"]
[EventType "swiss"]
[EventCountry "ESP"]
[SourceTitle "playchess.com"]
[Source "ChessBase"]
[SourceQuality "1"]
[TimeControl "40/5400+30:1800+30"]

1. e4 e5 2. Nf3 Nc6 3. d4 exd4 4. Nxd4 Nf6 5. Nxc6 bxc6 6. e5 Qe7 7. Qe2 Nd5 8. c4 Ba6 9. Nd2 f6 {[%emt 0:00:43] C45: Scotch Game.} 10. b3 Nf4 {[%emt 0:08:03] [#]} 11. Qe3 $146 ({Predecessor:} 11. exf6 Qxe2+ 12. Bxe2 gxf6 13. Bf1 O-O-O 14. g3 Re8+ 15. Kd1 Ne6 16. Bb2 Bc5 17. Ne4 {½-½ (59) Reinaldo Castineira,R (2499)-Garbisu de Goni,U (2415) Pamplona 2015}) 11... Qxe5 {[%emt 0:08:06] Black is slightly better.} 12. Qxe5+ fxe5 13. Bb2 O-O-O ({Black should play} 13... Bb4 $15) 14. O-O-O $11 d6 15. g3 Ng6 16. h4 c5 17. h5 {[%emt 0:17:55][%mdl 1024] White has compensation.} Ne7 18. f4 Bb7 {[%emt 0:01:41] Inhibits Nf3.} 19. Bh3+ Kb8 20. Rhe1 Nc6 21. fxe5 Nxe5 {[%emt 0:01:22] Threatens to win with ...Nd3+.} 22. Bxe5 (22. Ne4 $5 ) 22... dxe5 23. Rxe5 Bd6 24. Re3 g6 25. Ne4 Rhe8 26. Rde1 Bf8 {[%emt 0:04:34] [#] And now ...Bh6 would win. This bishop pair is nice.} 27. Kc2 {[%emt 0:00:32] The position is equal.} Bh6 28. R3e2 Bxe4+ 29. Rxe4 Rd2+ 30. Kb1 $1 Rxe4 31. Rxe4 Kb7 32. hxg6 hxg6 33. Re6 Rd6 34. Rxd6 cxd6 {[%emt 0:00:07] Weighted Error Value: White=0.03 (flawless) /Black=0.08 (flawless)} 1/2-1/2

[Event "1st Chessable Sunway Formentera 2022"]
[Site "Formentera Punta Prima"]
[Date "2022.05.03"]
[Round "5"]
[White "Grutter, Tim"]
[Black "Narciso Dublan, Marc"]
[Result "0-1"]
[ECO "B11"]
[WhiteElo "2241"]
[BlackElo "2464"]
[Annotator "TA"]
[PlyCount "82"]
[EventDate "2022.05.05"]
[EventType "swiss"]
[EventCountry "ESP"]
[SourceTitle "playchess.com"]
[Source "ChessBase"]
[SourceQuality "1"]
[TimeControl "40/5400+30:1800+30"]

1. e4 c6 2. Nc3 d5 3. Nf3 Nf6 4. e5 Ne4 5. Ne2 Qb6 6. d4 $1 {[%emt 0:00:08] B11: Caro-Kann: Two Knights Variation.} e6 $1 7. Ng3 {[%emt 0:00:27] 7.Ng3 scores better than 7.Nfg1.} c5 8. Bd3 (8. c3 $142) 8... Nxg3 $1 $11 9. fxg3 Bd7 (9... cxd4 $11 10. O-O Nc6) 10. O-O (10. Ng5 {seems wilder.} c4 11. O-O cxd3 12. Nxf7 dxc2 13. Qxc2 Qxd4+ 14. Kh1) 10... h6 {[%emt 0:00:05] Inhibits Ng5.} 11. Nh4 {[%emt 0:08:50] Strongly threatening Qh5.} Nc6 $1 {[%emt 0:00:15][%cal Bb8c6,Bc6e5,Be5f3][%mdl 32] [#] ...g5 is the strong threat.} 12. Qh5 (12. Bg6 $1 $14 {keeps the upper hand.} fxg6 13. Nxg6) 12... O-O-O $1 $17 {[%emt 0:02:43] Black continues to play with concentration.} 13. dxc5 ({Reject} 13. Rxf7 c4 14. Bg6 Qxd4+ 15. Kh1 Bc5) 13... Bxc5+ 14. Kh1 {[%emt 0:00:55] [#]} g5 $146 ({Predecessor:} 14... Bd4 15. c3 Bxe5 16. Qxf7 Rhf8 17. Qxf8 Rxf8 18. Rxf8+ Kc7 19. Rf1 Bd6 20. b3 g5 {1-0 (45) Majdan,J (2325)-Kubicka,A (2259) Ostrow Wielkopolski 2020}) 15. Nf3 {[%emt 0:01:36] [#]} Rdg8 $1 16. Ne1 (16. Qxf7 $142 g4 17. Nd2) 16... Nxe5 17. Qe2 Qd6 {[%emt 0:07:17] 0x0.001ddff0a66adp-1022s more active pieces. The white rooks are badly placed.} 18. a3 (18. Nf3 $17 Nxf3 19. Rxf3) 18... Kb8 19. Nf3 {[%emt 0:11:34] [#]} Nxf3 20. Qxf3 f5 21. c4 h5 22. Be3 dxc4 23. Bxc4 {[%emt 0:03:04] Threatens to win with Rad1.} Bc6 24. Qf2 (24. Rad1 $142 Bxf3 25. Rxd6 Bxg2+ 26. Kxg2 Bxd6 27. Rd1) 24... Bxe3 $19 25. Qxe3 h4 {[%emt 0:00:40] White must now prevent ...hxg3.} 26. Rfd1 Qc7 {[%emt 0:02:59] aiming for ...hxg3.} 27. Kg1 f4 28. Qd4 hxg3 {[%emt 0:01:25] Hoping for ...Rd8.} 29. hxg3 fxg3 {[%emt 0:06:22] And now ...Rh2 would win.} 30. Bxe6 Rd8 {[%emt 0:15:01] Black mates.} 31. Qe3 {[%emt 0:00:17] [#]} Rh1+ $3 32. Kxh1 Qh7+ 33. Kg1 Qh2+ 34. Kf1 Qxg2+ 35. Ke1 Qh1+ 36. Ke2 Bb5+ 37. Rd3 Bxd3+ 38. Kd2 Qh2+ 39. Kc3 Qc2+ 40. Kb4 Qxb2+ 41. Bb3 Rd4+ {[%emt 0:00:44] Weighted Error Value: White=0.87/Black=0.07 (flawless)} 0-1

[Event "1st Chessable Sunway Formentera 2022"]
[Site "Formentera Punta Prima"]
[Date "2022.05.03"]
[Round "5"]
[White "Bernard, Jacques"]
[Black "Perkampus, Laurin"]
[Result "1-0"]
[ECO "B13"]
[WhiteElo "2122"]
[BlackElo "2061"]
[Annotator "TA"]
[PlyCount "89"]
[EventDate "2022.05.05"]
[EventType "swiss"]
[EventCountry "ESP"]
[SourceTitle "playchess.com"]
[Source "ChessBase"]
[SourceQuality "1"]
[TimeControl "40/5400+30:1800+30"]

1. e4 c6 2. d4 d5 3. exd5 cxd5 4. c4 Nf6 5. Nc3 Nc6 6. Bg5 Be6 7. Bxf6 exf6 8. Nf3 {[%emt 0:00:38] B13: Caro-Kann: Exchange Variation and Panov-Botvinnik Attack.} Bb4 (8... dxc4 $2 9. d5 $18) 9. c5 Qa5 10. Qd2 {[%emt 0:13:51] [#] The position is equal.} b6 $146 ({Predecessor:} 10... O-O 11. Be2 b6 12. cxb6 Qxb6 13. O-O Rac8 14. a3 Bxc3 15. bxc3 Na5 16. Rab1 Qd6 {½-½ (36) Agdestein,S (2586)-Kirszenberg,M (2233) Calvi 2005}) 11. Bb5 Rc8 12. Rc1 bxc5 13. dxc5 {[%emt 0:05:45] Nd4 is the strong threat.} Bxc5 (13... Bxc3 $5 14. Bxc6+ Rxc6 15. Rxc3 Rxc5 $15) 14. a3 $1 {[%emt 0:02:46] Hoping for b4.} Qb6 (14... d4 $1 $11 15. Bxc6+ (15. Nxd4 Bxd4 16. Qxd4 O-O $11) 15... Rxc6) 15. b4 $36 {[%emt 0:01:16][%mdl 2048] White is really pushing.} Be7 16. Nd4 $1 {[%emt 0:01:12] And now Na4 would win. White is more active.} Bd7 $2 {[%emt 0:02:23] [#] Black cannot hold the game after this.} (16... O-O $16 17. Nxc6 Rxc6 18. Bxc6 Qxc6) 17. Nxd5 $1 Qxd4 18. Qxd4 Nxd4 19. Rxc8+ Bd8 20. Bxd7+ Kxd7 21. Rc4 Re8+ 22. Ne3 Bb6 23. Kd2 Nb5 24. Rd1 Nxa3 25. Ke2+ Ke7 26. Re4+ Kf8 27. Rxe8+ Kxe8 $18 {[%emt 0:00:01][%mdl 4096] Endgame KRN-KBN} 28. Nd5 Nb5 29. f3 Bd4 $2 {[%emt 0:01:33] [#]} (29... Bd8 {was called for.} 30. g4 Nc7 31. Nxc7+ Bxc7) 30. Nc7+ $1 Nxc7 31. Rxd4 {[%emt 0:00:04] KR-KN} Ke7 32. Kd2 g6 $2 (32... Nb5) 33. Kc2 Ke6 34. Kb3 h5 35. Kc4 Ke7 36. Rd2 Ke6 37. Kc5 {[%emt 0:00:55] White threatens Kc6 and mate.} Na6+ 38. Kb5 Nc7+ 39. Kc6 Na6 40. b5 Nb4+ 41. Kb7 a5 42. bxa6 {[%emt 0:02:01] White mates.} Nxa6 43. Kxa6 g5 44. Kb5 Kf5 45. Rd4 {[%emt 0:01:36] Weighted Error Value: White=0.09 (flawless) /Black=0.90} 1-0

[Event "1st Chessable Sunway Formentera 2022"]
[Site "Formentera Punta Prima"]
[Date "2022.05.03"]
[Round "5"]
[White "Follana Albelda, Lucia"]
[Black "Song, Julien"]
[Result "0-1"]
[ECO "B15"]
[WhiteElo "2039"]
[BlackElo "2388"]
[Annotator "TA"]
[PlyCount "96"]
[EventDate "2022.05.05"]
[EventType "swiss"]
[EventCountry "ESP"]
[SourceTitle "playchess.com"]
[Source "ChessBase"]
[SourceQuality "1"]
[TimeControl "40/5400+30:1800+30"]

1. e4 c6 2. d4 d5 3. Nc3 dxe4 4. Nxe4 Nf6 5. Nxf6+ exf6 6. Ne2 {[%emt 0:00:00][%cal Bg1e2,Be2g3,Bg3f5][%mdl 32] B15: Caro-Kann: 3 Nc3: 3...g6 and 3...dxe4 4 Nxe4 Nf6 5 Nxf6+ exf6.} Bd6 7. Ng3 O-O 8. Be2 {[%emt 0:00:47] The position is equal.} Re8 9. O-O Nd7 {[%emt 0:02:05] [#]} 10. Nf5 $146 ({Predecessor:} 10. c4 Nf8 11. b3 Be6 12. Bb2 Rc8 13. Qc2 Bb8 14. Rad1 Qc7 15. Rfe1 Ng6 16. Qc3 {0-1 (32) Ankerst,M (2370)-Musovic,A (2338) Chess.com INT 2022}) 10... Bc7 11. Bd3 Nf8 12. c3 Be6 (12... g6 $15 13. Ne3 (13. Nh6+ Kg7 $11) 13... f5) 13. Be3 Qb8 ({Black should play} 13... g6 $11 14. Nh6+ Kg7) 14. h4 (14. g3 $14) 14... Bxf5 ({Better is} 14... g6 $1 $15 15. Ng3 (15. Nh6+ Kg7 $17) 15... Bxg3 16. fxg3 Qxg3) 15. Bxf5 $11 g6 16. Bc2 f5 17. Bh6 (17. Qf3 $14) 17... Ne6 (17... Bh2+ {looks sharper.} 18. Kh1 Bf4 19. Bxf8 Kxf8 20. g3 Bxg3 21. fxg3 Qxg3 22. Qf3 Qxh4+ 23. Kg1 Kg7) 18. Qf3 Bh2+ 19. Kh1 {[%emt 0:02:08] [#] aiming for g3.} Bf4 20. Bxf4 Qxf4 21. Qxf4 Nxf4 22. Rfe1 Kg7 23. g3 Nd5 24. Bb3 Nf6 25. Kg2 Ne4 26. Re2 Nd6 27. Rae1 Rxe2 28. Rxe2 {[%emt 0:01:02][%mdl 4096] Endgame KRB-KRN} Kf6 29. Re5 h6 30. f4 Rg8 31. c4 Rd8 32. a3 (32. Re1 $11) 32... Ne4 $15 33. d5 c5 {[%emt 0:00:00] Black is more active.} (33... cxd5 $15 34. Rxd5 Rxd5 35. cxd5 Ke7) 34. Bc2 $11 Nd6 35. Bd3 a6 36. b4 Rc8 37. bxc5 Rxc5 {[%emt 0:01:02] White must now prevent ...b5.} 38. h5 $1 Nxc4 39. Re1 {[%emt 0:00:00] [#] White does not recover from this.} (39. Bxc4 $15 Rxc4 40. hxg6 Kxg6 41. Re8) 39... Nd6 $19 ({Not} 39... Nxa3 $2 40. hxg6 Rxd5 41. gxf7 Kxf7 42. Be2) ({Inferior is} 39... gxh5 40. Bxc4 Rxc4 41. Rd1) 40. hxg6 Kxg6 ({Worse is} 40... Rxd5 41. gxf7 Kxf7 42. Re3 $17) 41. Re5 Rc3 42. Bb1 (42. Re3 {is a better defense.} Kf6 43. a4) 42... Rb3 43. Re1 Rxa3 44. g4 Kf6 45. gxf5 (45. Bxf5 Nxf5 46. gxf5) 45... Ra1 {[%emt 0:00:00] Black is clearly winning.} 46. Rh1 h5 47. Rg1 a5 48. Kf3 a4 {[%emt 0:00:12] Weighted Error Value: White=0.44/Black=0.13 (very precise)} 0-1

[Event "1st Chessable Sunway Formentera 2022"]
[Site "Formentera Punta Prima"]
[Date "2022.05.04"]
[Round "6"]
[White "Gukesh D"]
[Black "Santos Ruiz, Miguel"]
[Result "1/2-1/2"]
[ECO "D50"]
[WhiteElo "2659"]
[BlackElo "2586"]
[Annotator "TA"]
[PlyCount "57"]
[EventDate "2022.05.05"]
[EventType "swiss"]
[EventCountry "ESP"]
[SourceTitle "playchess.com"]
[Source "ChessBase"]
[SourceQuality "1"]
[TimeControl "40/5400+30:1800+30"]

1. d4 Nf6 2. c4 e6 3. Nf3 d5 4. Nc3 c5 5. cxd5 cxd4 6. Qxd4 exd5 7. Bg5 Be7 8. e3 O-O {[%emt 0:00:05] D50: Queen's Gambit Declined: Dutch-Peruvian Gambit.} 9. Rd1 Nc6 10. Qa4 h6 11. Bh4 (11. Bxf6 $5 Bxf6 12. Nxd5 $11) 11... Qb6 {[%emt 0:00:06] [#] White must now prevent ...g5.} 12. Bb5 $146 ({Predecessor:} 12. Qb5 Qxb5 13. Bxb5 Be6 14. O-O Rfd8 15. Bd3 Kf8 16. Nb5 Bg4 17. Be2 Rac8 18. Rc1 {1-0 (54) Kunin,V (2548)-Herb,P (2259) France 2008}) 12... a6 13. Bxc6 bxc6 14. Qc2 Bg4 15. O-O Rfd8 16. Ne2 c5 17. Ne5 Bxe2 18. Qxe2 Qe6 19. Nd3 c4 {[%emt 0:00:04] [#] Strongly threatening ...g5.} 20. Nf4 Qe5 {[%emt 0:00:05] ...g5 is the strong threat.} 21. Bg3 {[%emt 0:08:16][%cal Of4d5] Hoping for Nxd5!} (21. Bxf6 $5 Bxf6 22. Qf3 $11) 21... Qf5 22. Qe1 a5 23. Ne2 Ne4 24. Nd4 Qd7 25. Qe2 (25. Be5 $15) 25... Nc5 (25... Bf6 $17 26. f3 Nxg3 27. hxg3 Qd6) 26. Qc2 (26. b3 $15 {is more appropriate.}) 26... Ne4 27. Qe2 Nc5 28. Qc2 $1 Ne4 29. Qe2 {[%emt 0:00:06] Weighted Error Value: White=0.11 (very precise) /Black=0.21 (precise)} 1/2-1/2

[Event "1st Chessable Sunway Formentera 2022"]
[Site "Formentera Punta Prima"]
[Date "2022.05.04"]
[Round "6"]
[White "Sasikiran, Krishnan"]
[Black "Santos Latasa, Jaime"]
[Result "0-1"]
[ECO "C78"]
[WhiteElo "2651"]
[BlackElo "2672"]
[Annotator "TA"]
[PlyCount "64"]
[EventDate "2022.05.05"]
[EventType "swiss"]
[EventCountry "ESP"]
[SourceTitle "playchess.com"]
[Source "ChessBase"]
[SourceQuality "1"]
[TimeControl "40/5400+30:1800+30"]

1. e4 e5 2. Nf3 Nc6 3. Bb5 a6 4. Ba4 Nf6 5. O-O b5 6. Bb3 Bc5 7. a4 Rb8 8. c3 d6 9. d4 Bb6 10. h3 O-O 11. Re1 Bb7 12. axb5 axb5 13. Na3 {[%emt 0:00:31] C78: Ruy Lopez: Archangelsk and Möller Defences.} exd4 14. cxd4 Na5 15. Bc2 {[%emt 0:02:50] The position is equal.} b4 16. Nb1 (16. Nb5 Qd7 17. e5 dxe5 18. dxe5 Qxb5 $15) 16... c5 17. d5 $1 c4 18. Nbd2 {[%emt 0:05:17] [#]} Ba6 $146 ({Predecessor:} 18... Bc5 19. Nf1 b3 20. Bb1 c3 21. bxc3 Bxd5 22. Bg5 b2 23. Rxa5 Bb3 24. Qd3 Qxa5 25. Bxf6 {1-0 (50) Adamowicz,K (2123)-Varga,K (2208) Pardubice 2010}) 19. b3 Bc5 {[%emt 0:09:38] And now ...Qb6 would win.} 20. bxc4 {[%emt 0:13:39] Hoping for e5.} Qb6 21. Bb2 {[%emt 0:09:25] aiming for Bxf6.} Bxf2+ 22. Kh2 {[%emt 0:00:26] Threatens to win with Re2.} Nd7 $2 ({Don't do} 22... Nxc4 23. Bxf6 gxf6 24. Rxa6 Qxa6 25. Bd3 $14) (22... Nh5 $1 $11 {and Black has nothing to worry.}) 23. Re2 $2 (23. e5 $1 $18 ) 23... Bc5 $11 24. Bb3 ({White should play} 24. Bd3 $14 b3 25. e5 dxe5 26. Qb1 (26. Nxe5 Bd6 $11)) 24... f6 $15 25. Nh4 Ne5 $36 {[%emt 0:00:27][%cal Ra6c4][%mdl 2048] Black has strong initiative.} 26. Qc2 Rbc8 {[%emt 0:02:16][%cal Oe5c4] Black is more active.} 27. Nhf3 (27. Bxe5 $17 fxe5 28. Nhf3) 27... Nxb3 28. Qxb3 {[%emt 0:00:19] [#]} Bxc4 $1 29. Nxc4 Nxc4 30. Bc1 ({Avoid the trap} 30. Qxc4 $2 {[#]} Bg1+ $1 31. Rxg1 Rxc4 $19) (30. Qd3 $17) 30... Ne5 31. Bb2 Qb5 32. Rc2 (32. Qd1 {keeps fighting.}) 32... Qd3 {[%emt 0:01:33] Weighted Error Value: White=0.32/Black=0.19 (very precise)} 0-1

[Event "1st Chessable Sunway Formentera 2022"]
[Site "Formentera Punta Prima"]
[Date "2022.05.04"]
[Round "6"]
[White "Yankelevich, Lev"]
[Black "Neiman, Emmanuel"]
[Result "1-0"]
[ECO "D36"]
[WhiteElo "2473"]
[BlackElo "2248"]
[Annotator "TA"]
[PlyCount "71"]
[EventDate "2022.05.05"]
[EventType "swiss"]
[EventCountry "ESP"]
[SourceTitle "playchess.com"]
[Source "ChessBase"]
[SourceQuality "1"]
[TimeControl "40/5400+30:1800+30"]

1. d4 Nf6 2. c4 e6 3. Nc3 d5 4. cxd5 exd5 5. Bg5 Be7 6. e3 O-O 7. Bd3 c6 8. h3 Nbd7 9. Qc2 Re8 10. Bf4 Nf8 11. Nf3 Ng6 12. Bh2 Bd6 13. Bxd6 Qxd6 14. O-O-O Bd7 {[%emt 0:08:11] D36: Queen's Gambit Declined: Exchange Variation: Main line (5 Bg5 c6 6 Qc2).} 15. g4 Qe7 16. Nd2 {[%emt 0:11:57] [#]} (16. Kb1 $14) 16... Red8 $146 (16... Nh4 $1 $11) ({Predecessor:} 16... Rac8 17. g5 Ne4 18. Ndxe4 dxe4 19. Bxe4 b5 20. Bf5 Bxf5 21. Qxf5 a6 22. Kb1 Nf8 {1-0 (52) Kharitonov,A (2540)-Roeder,M (2380) Benasque 2019}) 17. g5 $16 Ne8 18. h4 Bg4 19. Rde1 Bh5 20. f4 $1 Nf8 21. f5 Qc7 22. Kb1 Rac8 {[%emt 0:04:03] [#]} (22... Qg3 $16) 23. Rhg1 (23. Nf1 $1 $18) 23... c5 24. dxc5 Qxc5 25. Nb3 Qb6 (25... Qb4 $16 {is a better defense.}) 26. Nd4 ({White should try} 26. Qg2 $18) 26... Kh8 27. Qb3 (27. Qd2 $16) 27... Qd6 (27... Qxb3 $14 28. axb3 Nc7) 28. Ncb5 {[%emt 0:01:12] White is much more active. The black rooks are badly placed.} (28. Qxb7 $2 {[#]} Rxc3 $1 29. Bb5 (29. bxc3 $2 Rb8 $19) 29... Rc7 $19) 28... Qb8 29. Qa3 Nd7 (29... Nd6 $16 {was called for.} 30. Qxa7 (30. Nxa7 Nc4 $16) 30... Nxb5 31. Qxb8 (31. Nxb5 Qh2 $16) 31... Na3+ 32. bxa3 Rxb8) 30. Nxa7 $18 ({Don't play} 30. Qxa7 $6 Qe5 31. Ka1 (31. Qxb7 Nc5 $15) 31... Ra8 32. Qxb7 Rab8 $16) 30... Rc5 (30... Rc7 $142 31. Nab5 Rc5) 31. Bb5 {[%emt 0:03:15] aiming for Bxd7.} Qc7 (31... Qd6 32. Bxd7 Rxd7) 32. Bxd7 {[%emt 0:00:21] White is clearly winning.} Rxd7 33. Nb3 {[%emt 0:02:44] Pair of Knights!} b6 {[%emt 0:00:19] [#]} 34. Nb5 Qc8 35. Nxc5 bxc5 36. Rc1 {[%emt 0:00:05] Weighted Error Value: White=0.11 (very precise) /Black=0.45} 1-0